 Dungeon Crawl Stone Soup version 0.30-a0-743-gbfdf073431 (webtiles) character file.

Game seed: 3529610403575732349

5427 cheesebisquit the Geomancer (level 10, -5/64 HPs)
             Began as a Gargoyle Earth Elementalist on Feb 5, 2023.
             Was a Follower of Vehumet.
             Slain by a wight
             ... wielding a +0 halberd
              (8 damage)
             ... on level 8 of the Dungeon.
             The game lasted 00:32:57 (9027 turns).

cheesebisquit the Geomancer (GrEE)                  Turns: 9027, Time: 00:32:57

Health: -5/64      AC: 11    Str: 12    XL:     10   Next: 67%
Magic:  20/25      EV:  9    Int: 32    God:    Vehumet [*.....]
Gold:   478        SH:  6    Dex: 10    Spells: 19/23 levels left

rFire   . . .      SeeInvis .    o - +2 morningstar
rCold   . . .      Faith    +    D - +0 kite shield
rNeg    + . .      Spirit   .    a - +0 robe
rPois   ∞          Reflect  .    (no helmet)
rElec   +          Harm     .    r - +1 cloak
rCorr   .          Rampage  .    (no gloves)
Will    .....                    (no boots)
Stlth   ++                       J
                                   - Hermit's Pendant {Faith Invo=14 Evo=0 MP+5}
HPRegen 0.30/turn                j - +6 ring of intelligence
MPRegen 0.19/turn                A - +6 ring of intelligence

@: flying, studying Long Blades
A: sickness immunity, AC +7, negative energy resistance 1, electricity
resistance, torment resistance 1, petrification resistance, evolution 1,
MP-powered wands
a: Renounce Religion


You were on level 8 of the Dungeon.
You worshipped Vehumet.
Vehumet was aware of your devotion.
You visited 2 branches of the dungeon, and saw 9 of its levels.

You collected 478 gold pieces.

Inventory:

Hand Weapons
 o - a +2 morningstar (weapon)
 t - a +0 quarterstaff
Missiles
 f - 27 poisoned darts
 h - 6 datura-tipped darts
 u - 9 boomerangs
 E - 2 curare-tipped darts
Armour
 a - a +0 robe (worn)
 r - a +1 cloak (worn)
 D - a +0 kite shield (worn)
Jewellery
 j - a +6 ring of intelligence (left hand)
 A - a +6 ring of intelligence (right hand)
 B - a ring of resist corrosion
 G - a ring of willpower
 J - the Hermit's Pendant (around neck) {Faith Invo=14 Evo=0 MP+5}
   (You found it on level 6 of the Dungeon)

   [amulet of faith]

   Invo=14: It sets your Invocations skill to 14.
   Evo=0: It sets your Evocations skill to 0.
   It allows you to gain divine favour quickly.
   MP:        It affects your magic capacity (+5).
Wands
 n - a wand of polymorph (31)
 F - a wand of mindburst (14)
Scrolls
 b - 3 scrolls of enchant armour
 c - a scroll of magic mapping
 d - a scroll of immolation {unknown}
 i - a scroll of identify {unknown}
 l - 2 scrolls of vulnerability
 y - 2 scrolls of torment
 I - a scroll of fog {unknown}
 K - a scroll of poison {unknown}
Potions
 g - 2 potions of mutation
 k - a potion of attraction {unknown}
 q - a potion of invisibility {unknown}
 s - a potion of brilliance {unknown}
 v - 3 potions of flight
 w - a potion of magic
 x - 2 potions of curing {unknown}
 z - 2 potions of lignification {unknown}
 C - a potion of resistance {unknown}
 H - a potion of berserk rage {unknown}
Miscellaneous
 e - a phantom mirror


   Skills:
 + Level 8.0 Fighting
 - Level 1.5 Dodging
 - Level 2.1 Stealth
 + Level 7.0 Spellcasting
 * Level 7.7 Conjurations
 - Level 0.7 Transmutations
 + Level 11.5 Earth Magic


You had 19 spell levels left.
You knew the following spells:

 Your Spells              Type           Power      Damage    Failure   Level
a - Sandblast             Erth           100%       2d20      1%          1
b - Stone Arrow           Conj/Erth      100%       3d13      1%          3

Your spell library contained the following spells:

 Spells                   Type           Power      Damage    Failure   Level
 Kiss of Death            Conj/Necr      100%       2d13      3%          1
 Passwall                 Tmut/Erth      41%        N/A       1%          2
 Static Discharge         Conj/Air       70%        2-5/arc   4%          2
 Petrify                  Tmut/Erth      50%        N/A       12%         4
 Summon Small Mammal      Summ           44%        N/A       16%         1
 Blink                    Tloc           22%        N/A       22%         2
 Summon Guardian Golem    Hex/Summ       11%        N/A       41%         3
 Vhi's Electric Charge    Tloc/Air       22%        N/A       41%         3
 Arcjolt                  Conj/Air       17%        1d27      65%         5
 Lightning Bolt           Conj/Air       17%        1d32      65%         5
 Manifold Assault         Tloc           11%        N/A       83%         4
 Olgreb's Toxic Radiance  Pois           11%        N/A       83%         4
 Summon Mana Viper        Hex/Summ       11%        N/A       99%         5
 Orb of Destruction       Conj           28%        9d9       99%         7
 Dispersal                Tloc           5%         N/A       100%        6
 Ozocubu's Refrigeration  Ice            5%         4d8       100%        7
 Spellforged Servitor     Conj/Summ      17%        N/A       100%        7
 Storm Form               Tmut/Air       6%         N/A       100%        7
 Disjunction              Tloc           5%         N/A       100%        8
 Ignition                 Fire           5%         3d4       100%        8


Dungeon Overview and Level Annotations

Branches:
Dungeon (8/15)             Temple (1/1) D:6
   Lair: D:8-11

Altars:
Ashenzari
Cheibriados
Dithmenos
Fedhas
Gozag
Hepliaklqana
Makhleb
Nemelex Xobeh
Okawaru
Qazlal
Ru
Trog
Uskayaw
Vehumet
Wu Jian
Xom
Yredelemnul
Zin
The Shining One

Shops:
D:3 (


Innate Abilities, Weirdness & Mutations

You are immune to sickness and miasma.
Your stone body is resilient. (AC +7)
You are immune to poison.
You resist negative energy. (rN+)
You are resistant to electric shocks. (rElec)
You are resistant to unholy torment.
You are immune to petrification.
You have hidden genetic potential.
You expend magic power (3 MP) to strengthen your wands.


Message History

Vehumet accepts your kill.
You feel your power returning.
The wight hits you from afar with a +0 halberd!
* * * LOW HITPOINT WARNING * * *
Your Fighting skill increases to level 8!
Aiming: Sandblast (safe; 1% risk of failure)
Press: ? - help, Q - select action, (/) - cycle Shift-Dir - straight line, f - vampire
Aim: a vampire (85% to hit)
The blast of sand hits the vampire.
The vampire is lightly damaged.
You block the wight's attack. You block the vampire's attack.
The vampire barely misses you.
The wight hits you from afar with a +0 halberd.
* * * LOW HITPOINT WARNING * * *
The vampire barely misses you.
The vampire bites you but does no damage.
Aiming: Sandblast (safe; 1% risk of failure)
Press: ? - help, Q - select action, (/) - cycle Shift-Dir - straight line, f/p - vampire
Aim: a vampire (85% to hit)
The blast of sand hits the vampire!!
The vampire is severely damaged.
The wight barely misses you. The vampire misses you.
The vampire closely misses you.
Aiming: Sandblast (safe; 1% risk of failure)
Press: ? - help, Q - select action, (/) - cycle Shift-Dir - straight line, f/p - vampire
Aim: a vampire (severely damaged, 85% to hit)
Okay, then.
It was a potion of mutation.
You feel extremely strange.
You feel frail.
You feel a hidden potential growing inside you.
You feel robust.
You feel your magical essence link to the dungeon's wands.
You block the wight's attack.
The vampire hits you but does no damage.
You block the vampire's attack.
It was a potion of flight.
You feel very buoyant.
You fly up into the air.
The wight hits you from afar with a +0 halberd!
You die...

#....# #....# #....#
#....# ##########.#
#######....+
.......<...#
#..........#
############
###.####.#########
.................#######
###.###.###.....@VKo...#
###..... #......#z....#
.....### #......#.....#
....... #......#.....#
#####.. #).....#.....#
.#. ###########'## .#.#
#.. ..#cz).#
#..#...#.Do.# ##
#...Vy..g#


You could see a vampire, a kobold brigand, a wight and an orc.

Vanquished Creatures
  2 two-headed ogres (D:7)
  A gargoyle (D:6)
  Grinder (D:5)
  A slime creature (D:7)
  3 yaks
  A wraith (D:7)
  2 steam dragons
  Duvessa (D:6)
  A water moccasin (D:7)
  3 orc warriors
  2 black bears
  An ogre (D:5)
  A centaur (D:8)
  2 kobold brigands
  A gnoll sergeant (D:5)
  2 bullfrogs
  3 scorpions
  A necrophage (D:4)
  Dowan (D:6)
  6 killer bees
  2 howler monkeys
  4 hounds
  A jelly (D:8)
  A gnoll bouda (D:5)
  4 orc priests
  Jessica (D:3)
  6 iguanas
  5 orc wizards
  16 gnolls
  7 adders
  A white imp (D:5)
  An ufetubus (D:7)
  3 worms
  The ghost of Esekla the Sneak, a weakling OpDe (D:5)
  5 dart slugs
  28 orcs
  9 endoplasms
  6 giant cockroaches
  9 goblins
  6 hobgoblins
  12 jackals
  18 kobolds
  4 quokkas
  11 ball pythons
  13 bats
  5 frilled lizards
  6 rats
221 creatures vanquished.

Vanquished Creatures (others)
  2 fungi (D:5)
  A plant (D:5)
3 creatures vanquished.

Grand Total: 224 creatures vanquished

Notes
Turn   | Place    | Note
-------+----------+-------------------------------------------
     0 | D:1      | cheesebisquit the Gargoyle Earth Elementalist began the
                  | quest for the Orb.
     0 | D:1      | Reached XP level 1. HP: 10/10 MP: 3/3
    60 | D:1      | Reached skill level 4 in Earth Magic
    60 | D:1      | Reached XP level 2. HP: 16/16 MP: 1/5
   240 | D:1      | Reached skill level 1 in Fighting
   413 | D:1      | Reached XP level 3. HP: 20/20 MP: 0/6
   622 | D:1      | Found a faded altar of an unknown god.
  1057 | D:2      | You fall into a shaft and drop 2 floors!
  1072 | D:4      | Reached skill level 5 in Earth Magic
  1072 | D:4      | Reached XP level 4. HP: 4/26 MP: 1/7
  1517 | D:2      | Got the Almanac of Icy Accomplices
  1522 | D:2      | Learned a level 3 spell: Stone Arrow
  1719 | D:2      | Reached XP level 5. HP: 30/30 MP: 7/9
  2755 | D:3      | Found Galaotae's Antique Weapon Emporium.
  2977 | D:3      | Noticed Jessica
  2979 | D:3      | Killed Jessica
  3031 | D:3      | Reached skill level 6 in Earth Magic
  3064 | D:3      | Reached XP level 6. HP: 35/36 MP: 5/10
  4416 | D:5      | Entered Level 5 of the Dungeon
  4457 | D:5      | Noticed Grinder
  4461 | D:5      | Killed Grinder
  4462 | D:5      | Reached skill level 7 in Earth Magic
  4462 | D:5      | Reached XP level 7. HP: 31/42 MP: 8/12
  4881 | D:5      | Reached skill level 8 in Earth Magic
  4886 | D:5      | Reached XP level 8. HP: 48/48 MP: 5/14
  5214 | D:5      | Reached skill level 5 in Fighting
  5428 | D:5      | Reached skill level 9 in Earth Magic
  5694 | D:5      | Found a runed translucent gate.
  5694 | D:5      | Found a runed translucent gate.
  5694 | D:5      | Found a runed translucent gate.
  5707 | D:5      | Noticed Esekla's ghost (weakling OpDe)
  5990 | D:5      | Killed Esekla's ghost
  6194 | D:5      | Reached skill level 5 in Spellcasting
  6653 | D:6      | Noticed Duvessa
  6756 | D:6      | Noticed Dowan
  6762 | D:6      | Killed Duvessa
  6763 | D:6      | Reached skill level 1 in Conjurations
  6763 | D:6      | Reached skill level 10 in Earth Magic
  6763 | D:6      | Reached XP level 9. HP: 48/55 MP: 10/17
  6766 | D:6      | Killed Dowan
  6938 | D:6      | Found a faded altar of an unknown god.
  6938 | D:6      | Found the Hermit's Pendant {Faith Invo=14 Evo=0 MP+5}
  6939 | D:6      | Noticed a gargoyle
  6948 | D:6      | Killed a gargoyle
  7300 | D:6      | Found a staircase to the Ecumenical Temple.
  7314 | D:6      | HP: 2/55 [orc warrior/+0 flail (11)]
  7324 | Temple   | Entered the Ecumenical Temple
  7541 | Temple   | Became a worshipper of Vehumet
  7791 | D:7      | Noticed a two-headed ogre
  7795 | D:7      | Killed a two-headed ogre
  7796 | D:7      | Reached skill level 5 in Conjurations
  8034 | D:7      | Reached * piety under Vehumet
  8034 | D:7      | Offered knowledge of Kiss of Death by Vehumet.
  8116 | D:7      | Reached XP level 10. HP: 60/63 MP: 20/20
  8179 | D:7      | Reached skill level 11 in Earth Magic
  8413 | D:7      | Noticed a two-headed ogre
  8429 | D:7      | HP: 3/63 [two-headed ogre/+0 dire flail (9)]
  8694 | D:7      | Killed a two-headed ogre
  9024 | D:8      | HP: 2/64 [wight/+0 halberd (4)]
  9026 | D:8      | Gained mutation: You are frail. (-10% HP) [potion of
                  | mutation]
  9026 | D:8      | Gained mutation: You have hidden genetic potential. [potion
                  | of mutation]
  9026 | D:8      | Lost mutation: You are frail. (-10% HP) [potion of
                  | mutation]
  9026 | D:8      | Gained mutation: You expend magic power (3 MP) to
                  | strengthen your wands. [potion of mutation]
  9027 | D:8      | Slain by a wight

Illustrated notes

Levels and vault maps discovered:
D:1:      nzn_arrival_water_spiral, layout_basic,
          hellmonk_ecumenical_altar_lost_god, minmay_misc_feat_plants,
          minmay_tromino_v4_b
D:2:      minmay_general_purpose_star, layout_loops_cross
D:3:      layout_loops_ring, serial_shops,
          nicolae_shop_temple_entry_statues_fountains, kennysheep_doodads,
          minmay_distorted, uniq_jessica
D:4:      layout_loops_corners
D:5:      layout_cave_pods, gammafunk_ghost_nasty_kobolds,
          chequers_serial_rivers_micro_b, minmay_manual_monstrance, uniq_grinder
D:6:      layout_rooms, minmay_temple_entry_offerings, abandoned_shop,
          hellmonk_guarded_unrand_hermit, uniq_duvessa
D:7:      minmay_blocky_corners, layout_rooms
D:8:      minmay_clustersquares, layout_basic
Temple:   hellmonk_temple_of_storms

Skill      XL: |  1  2  3  4  5  6  7  8  9 10 |
---------------+-------------------------------+-----
Earth Magic    | 4 5 6 7 8 10 11 | 11.5
Fighting       | 1 2 3 4 5 7 8 |  8.0
Spellcasting   | 3 4 5 6 7 |  7.0
Conjurations   | 1 5 7 |  7.7
Dodging        | |  1.5
Stealth        | |  2.1
Transmutations | |  0.7

Action                     |  1- 3 |  4- 6 |  7- 9 | 10-12 || total
---------------------------+-------+-------+-------+-------++-------
  Melee: Unarmed           |    24 |       |       |       ||    24
         Hand axe          |    16 |     8 |       |       ||    24
         Morningstar       |       |       |     1 |       ||     1
  Throw: Dart              |       |     1 |       |       ||     1
   Cast: Sandblast         |    43 |   126 |   156 |    56 ||   381
    Use: Potion            |       |     1 |       |     2 ||     3
         Scroll            |       |     6 |     7 |     2 ||    15
 Armour: Robe              |    27 |    23 |    17 |    22 ||    89
  Dodge: Dodged            |    41 |    41 |    35 |    35 ||   152
  Block: Kite shield       |       |       |    17 |    18 ||    35

Table legend: (Time is in decaauts)
 A = Elapsed time spent in this place.
 B = Non-inter-level travel time spent in this place.
 C = Inter-level travel time spent in this place.
 D = Time resting spent in this place.
 E = Time spent auto-exploring this place.
 F = Levels seen in this place.
 G = Mean time per level.
                   A        B        C        D        E       F      G
               +--------+--------+--------+--------+--------+-----+--------+
         Total |   9237 |   8647 |    590 |   1562 |   5721 |   9 | 1026.3 |
       Dungeon |   9012 |   8439 |    573 |   1389 |   5703 |   8 | 1126.5 |
        Temple |    224 |    207 |     17 |    173 |     18 |   1 |  224.0 |
               +--------+--------+--------+--------+--------+-----+--------+

Top non-repeatable levels by time:
     D:5: 1888 daAuts
     D:4: 1496 daAuts
     D:6: 1231 daAuts
     D:1: 1080 daAuts
     D:3: 1079 daAuts
     D:2: 1058 daAuts
     D:7: 1021 daAuts
  Temple: 224 daAuts
     D:8: 157 daAuts
